 Dungeon Crawl Stone Soup version 0.17.2-2-g6415ff710d (webtiles) character file.

545914 RelittoDelNilo the Sensei (level 25, -1/223 HPs)
             Began as a Mummy Monk on Sept 27, 2021.
             Slain by a hell beast (5 damage)
             ... summoned by a lich
             ... on level 3 of the Depths on Sept 28, 2021.
             The game lasted 09:10:20 (179246 turns).

RelittoDelNilo the Sensei (Mummy Monk)            Turns: 179246, Time: 09:10:20

Health: -1/223     AC: 13    Str: 16    XL:     25   Next: 40%
Magic:  23/23      EV: 28    Int: 10    God:
Gold:   3576       SH: 16    Dex: 27    Spells: 0 memorised, 24 levels left

rFire  . . .     SeeInvis +       - Unarmed
rCold  + . .     Clarity  .     (no armour)
rNeg   + + +     SustAt   .     f - +1 shield of Sidas {rElec}
rPois  ∞         Gourm    .     S - +2 helmet {SInv}
rElec  +         Spirit   .     K - +2 cloak
rCorr  .         Warding  .     B - +2 pair of gloves {Dex+3}
rMut   .         Stasis   .     O - +2 pair of boots {Stlth+}
MR     +++..                    (no amulet)
Stlth  +++++.....               P - +5 ring of evasion
                                p - ring of protection from fire

@: about to teleport, constricted, extremely resistant to hostile enchantments,
quite stealthy
A: no food or potions, fire vulnerability, cold resistance 1, negative energy
resistance 3, torment resistance, unbreathing, in touch with death 1, restore
body
a: Self-Restoration
}: 2/15 runes: decaying, serpentine


You were on level 3 of the Depths.
You were not hungry.

You visited 12 branches of the dungeon, and saw 52 of its levels.
You visited the Abyss 1 time.
You also visited: Sewer and Ossuary.

You collected 7166 gold pieces.
You spent 3590 gold pieces at shops.


Innate Abilities, Weirdness & Mutations

You do not eat or drink.
Your flesh is vulnerable to fire.
You are immune to poison.
Your flesh is cold resistant.
You are immune to negative energy.
You are immune to unholy pain and torment.
You can survive without breathing.
You are in touch with the powers of death.
You can restore your body by infusing magical energy.


   Skills:
 + Level 23.9 Fighting
 - Level 5.6 Armour
 - Level 12.0 Dodging
 - Level 5.7 Stealth
 - Level 15.6 Shields
 - Level 24.0 Unarmed Combat


You had 24 spell levels left.
You didn't know any spells.

Inventory:

Hand Weapons
 t - a +5 rapier of venom {!w Duvessa's Dripping Stinger}
 u - a +0 dagger of piercing {!w Dowan's tiny prick}
 N - a +0 lajatang of venom {!w Agnes' Twirling Stick}
Armour
 f - the +1 shield of Sidas (worn) {rElec}

   It insulates you from electricity.
 B - a +2 pair of gloves of dexterity (worn)
 J - a +0 large shield
 K - a +2 cloak (worn)
 L - a storm dragon hide {!W Trove}
 M - a fire dragon hide {!W Trophy}
 O - a +2 pair of boots of stealth (worn)
 Q - the +1 pair of gloves "Cepulyam" {rPois Stlth+}

   It protects you from poison.
   It makes you more stealthy.
 R - the +0 large shield of Gallantry {rElec rPois rN+++ Str-3}

   It affects your strength (-3).
   It insulates you from electricity.
   It protects you from poison.
   It renders you almost immune to negative energy.
 S - a +2 helmet of see invisible (worn)
 T - the cursed -5 robe of Misfortune {-Cast *Contam *Tele EV-4 Str-2 Int-2 Dex-2 Stlth-- *Curse, !W Finest Silk}

   It affects your evasion (-4).
   It affects your strength (-2).
   It affects your intelligence (-2).
   It affects your dexterity (-2).
   It prevents spellcasting.
   It may teleport you next to monsters.
   It may re-curse itself when equipped.
   It causes magical contamination when unequipped.
   It makes you much less stealthy.
   It has a curse placed upon it.
Jewellery
 o - an uncursed ring of fire
 p - a ring of protection from fire (left hand)
 r - an uncursed ring of protection from magic
 s - an uncursed ring of sustain attributes
 w - an uncursed ring of protection from cold
 y - a +3 ring of evasion
 z - an uncursed ring of ice
 A - an uncursed ring of protection from magic
 F - an uncursed ring of positive energy {Happy Thoughts}
 P - a +5 ring of evasion (right hand)
 U - an uncursed ring of stealth
Scrolls
 a - 7 scrolls of amnesia
 b - 12 scrolls of fear
 c - a scroll of enchant weapon
 d - 9 scrolls of teleportation {@r4 !r}
 e - 6 scrolls of summoning
 g - 8 scrolls of immolation {!r}
 h - 3 scrolls of vulnerability {!r}
 j - 10 scrolls of fog
 l - 11 scrolls of random uselessness
 m - 26 scrolls of identify {@r1}
 n - 2 scrolls of enchant armour {!r}
 q - 9 scrolls of blinking {!r}
 v - 3 scrolls of torment
 x - 6 scrolls of recharging
 D - 10 scrolls of noise {!r}
 E - 2 scrolls of brand weapon
 G - 11 scrolls of remove curse
 H - 2 scrolls of holy word {!r}
 I - 8 scrolls of magic mapping
Comestibles
 k - 15 royal jellies (quivered) {Mark of Royalty}
 C - 19 fruits

Dungeon Overview and Level Annotations

Branches:
Dungeon (15/15)            Temple (1/1) D:6            Lair (8/8) D:10
  Swamp (4/4) Lair:6        Snake (4/4) Lair:3        Slime (1/6) Lair:6
    Orc (4/4) D:10            Elf (3/3) Orc:4        Vaults (4/5) D:14
  Crypt (3/3) Vaults:3       Tomb (1/3) Crypt:3      Depths (4/5) D:15

Altars:
Ashenzari
Cheibriados
Dithmenos
Elyvilon
Fedhas
Gozag
Kikubaaqudgha
Makhleb
Nemelex Xobeh
Okawaru
Qazlal
Ru
Sif Muna
Trog
Vehumet
Xom
Yredelemnul
Zin
The Shining One
Beogh
Jiyva
Lugonu

Shops:
D:5 }   D:6 [   D:9 ?   D:13 }   D:14 (?   Orc:1 :   Orc:2 }   Orc:3 *
Orc:4 *!*(   Elf:2 (   Snake:3 ?   Depths:1 ?!

Portals:
Hell: Depths:1 Depths:2 Depths:3 Depths:4
Abyss: Depths:1 Depths:4
Trove: Vaults:2 (give +3 storm dragon armour)

Annotations:
D:3 War
D:5 WWW
D:12 WWW
D:14 exclusion: ice statue
Lair:1 WWW
Lair:4 1 exclusion
Lair:5 WWW
Lair:6 exclusion: downstairs
Lair:7 Swampy Sanctuary
Swamp:1 Swampy
Swamp:2 Jorgrun
Swamp:3 Swampy Mangrove
Snake:2 Louise
Snake:4 Alipheese's ghost, adept NaWn
Orc:2 exclusion: upstairs
Orc:3 WWW
Orc:4 WWW
Elf:2 3 runed doors, exclusion: 3 doors
Vaults:1 WWW
Vaults:4 exclusion: 3 downstairs
Vaults:5 !!!
Tomb:1 exclusion: door
Depths:1 Lich
Depths:2 1 runed door & Lich
Depths:4 exclusions: 4 doors, fire giant and 1 more exclusion, Mara; Mennas

▒... .p.. ▒▒.. ▒.. ▒..
▒.. ▒▒▒▒ ..
▒▒▒▒..X▒▒▒▒▒▒▒▒▒▒▒▒▒▒▒..
......XMX.............R.
......X2L............T..
....................[...
▒▒▒▒▒▒..................
▒............T.T...
▒..........[.......
▒..£......L>.......
▒............[.....
................


You could see 2 tentacled monstrosities, a hell beast, a lich and 2 large
abominations.


Message History

The tentacled monstrosity constricts you!
The lich completely misses you!
You block the tentacled monstrosity's attack!
The tentacled monstrosity tentacle-slaps you! * * * don't die
* * * You block the tentacled monstrosity's attack!
The hell beast misses you! You block the hell beast's attack!
You take 9 damage, and have 48/223 hp!
Unknown command!
Read which item? (? for menu, Esc to quit)
Okay, then!
Read which item? (? for menu, Esc to quit)
Okay, then!
Unknown command!
Unknown command!
Read which item? (? for menu, Esc to quit)
Really read
d - 10 scrolls of teleportation {@r4 !!.r}?
As you read the scroll of teleportation {@r4 !!.r}, it crumbles to dust!
You feel strangely unstable!
You block the tentacled monstrosity's attack!
The tentacled monstrosity tentacle-slaps you! * * * don't die
* * * The tentacled monstrosity completely misses you! * * * don't die
* * * The tentacled monstrosity constricts you!!!
You block the large abomination's attack!
The lich closely misses you!
The large abomination hits you!!!!!! * * * don't die
* * * You block the hell beast's attack!
The hell beast tramples you! rip

Action                   |  1- 3 |  4- 6 |  7- 9 | 10-12 | 13-15 | 16-18 | 19-21 | 22-24 | 25-27 || total
-------------------------+-------+-------+-------+-------+-------+-------+-------+-------+-------++-------
Melee: Unarmed           |   124 |   331 |   876 |  2088 |  4172 |  3849 |  3482 |  3473 |   464 || 18859
  Use: Scroll            |       |     4 |     6 |     8 |    16 |     8 |    10 |     8 |     1 ||    61
 Stab: Sleeping          |     6 |     7 |     8 |    15 |    38 |    12 |    23 |    14 |       ||   123
       Distracted        |     1 |       |     1 |     4 |    10 |    11 |    19 |    13 |     3 ||    62
       Confused          |       |       |       |       |       |    21 |     1 |       |       ||    22

Vault maps used:
D:1:      dpeg_arrival_chase
D:2:      grunt_temple_overflow_cloverleaf
D:3:      uniq_iyjb, uniq_jessica, uniq_terence
D:5:      first_bread, gup_sewer_entry_bubbles, serial_shops, shop,
          fedhas_altar_3
D:6:      forest_paths, lemuel_doored_altar, minmay_temple_entry_overgrown,
          serial_shops, shop, sword_in_stone
D:7:      kennysheep_mini_moat, grunt_ogre_cave, uniq_menkaure, uniq_duvessa,
          uniq_pikel
D:8:      kennysheep_mini, enter_ossuary_3, jiyva_altar_1
D:9:      lemuel_upstairs_altar, serial_shops, shop_scrolls, trog_book,
          uniq_psyche
D:10:     erik_lair_orcish_takeover, minmay_orc_entry_guard_dogs, spider_trap,
          xom_shifter_show
D:11:     basic_altar
D:12:     serial_curves, eino_curves_04, eino_curves_03
D:13:     serial_shops, nicolae_shop_trees
D:14:     david_vaults_2, serial_park_tiny_2, serial_shops,
          nicolae_shop_behind_doors, shop_statue, spider_trap, ice2_lemuel
D:15:     grunt_enter_depths_hoard, lemuel_tele_altar, uniq_nessos, uniq_urug
Temple:   dpeg_five_rooms_temple_12
Lair:1:   worms_lemuel, infiniplex_staircase_pool_2, lemuel_fruit_tree
Lair:2:   beast_lair_carwin_4, bh_autumn_forest_stairs
Lair:3:   lemuel_ratsnest, dummy_snake_entry, lab_entry_generic,
          minmay_lair_oklob_bushes
Lair:5:   serial_forest, infiniplex_forest_lined_1,
          infiniplex_forest_lined_3_way, infiniplex_forest_end_double,
          infiniplex_forest_clump_medium, infiniplex_forest_lined_3,
          infiniplex_forest_straight_2, infiniplex_staircase_pool
Lair:6:   boulder_dual_corridor_run, minmay_swamp_entry_swarm,
          minmay_slime_entry_oklob_open, st_stairs_12, pf_torpor_hydra,
          serial_bayou_shore_a
Lair:7:   guppyfry_lair_drakes
Lair:8:   hangedman_lair_caniforms_friends, lemuel_old_faithful
Swamp:1:  evilmike_swamp_ruin_house_1, swamp_pool2
Swamp:2:  evilmike_swamp_ruin_house_2, uniq_jorgrun, uniq_donald
Swamp:3:  evilmike_swamp_ruin_house_3
Swamp:4:  swamp_alternative
Snake:1:  uniq_agnes
Snake:2:  grunt_ministairs_3, uniq_louise, uniq_aizul
Snake:3:  serial_curves, eino_curves_01, eino_curves_03, serial_shops,
          shop_scrolls, basic_stair_grate_trap
Snake:4:  snake_pit
Orc:1:    serial_shops, nicolae_shop_crystal
Orc:2:    serial_shops, shop
Orc:3:    serial_shops, shop_fountains, nicolae_orc_pool_cavern,
          nicolae_orc_rockfall, minmay_orc_temple_a, uniq_maud
Orc:4:    pubby_orc_utopia
Elf:1:    eino_elf_arrival_the_gate, minmay_elf_sorcery, uniq_kirke
Elf:2:    serial_shops, shop
Elf:3:    grunt_elf_hall_branching, hex_intersection
Vaults:1: vaults_room_hallway, hangedman_vaults_nodes, vaults_dpeg_cross,
          hangedman_vaults_cutoff, v_alt_pattern_3, vaults_room_stairs_pillars,
          nicolae_vaults_what_the_h, vaults_room_pools, grunt_vaults_focal,
          nicolae_vaults_little_squares_1, vaults_room_fours,
          vaults_dpeg_diagonal, serial_ice_g, special_room_vaults, serial_shops,
          shop
Vaults:2: ontoclasm_vaults_loading_screen, grunt_vaults_bifocal, v_misc_11,
          hangedman_vaults_stagger, v_pattern_3, v_alt_pattern_6,
          vaults_mumra_lcd, ontoclasm_vaults_chip,
          nicolae_vaults_diagonal_hallway_6, vaults_room_stairs_pillars,
          nicolae_trove_entry_crystal
Vaults:3: vaults_room_grid, nicolae_vaults_border_crossing, v_rooms_1,
          vaults_dpeg_encased_lava, minmay_crypt_entry_simple_corners,
          hangedman_vaults_cutoff, vaults_room_pool, st_more_cells
Vaults:4: v_misc_4, st_greater_box_4, ontoclasm_vaults_ring_small,
          hangedman_vaults_locks, nicolae_vaults_little_ls,
          nicolae_vaults_sealed_display, vaults_dpeg_ring,
          hangedman_vaults_snaps, nicolae_vaults_windows_and_doors_thing,
          ontoclasm_vaults_hangar, v_misc_17, grunt_vaults_funnel
Crypt:1:  special_room, grunt_crypt_arrival_guarded_gate
Crypt:3:  grunt_crypt_end_deaths_head
Depths:1: serial_shops, kennysheep_little_box, shop, abyss_entry_flame_altar,
          hell_entry, serial_bayou_pond_a, kennysheep_generic_room_7
Depths:2: kennysheep_bubble_arena, hangedman_decor_growths,
          grunt_mini_vestibule, kennysheep_treasure_room,
          infiniplex_staircase_zigzag_1, uniq_norris
Depths:3: gammafunk_depths_water_palace, nrook_uturn, rand_demon_pan_entry_7,
          hell_entry
Depths:4: grunt_bruiser_brothers, abyss_entry, hangedman_tar_grid_catacomb,
          uniq_mennas, uniq_mara, uniq_sojobo, uniq_enchantress
Sewer:    sewer_big_baddie
Ossuary:  ossuary_minmay_scorpions

Notes
Turn   | Place    | Note
--------------------------------------------------------------
     0 | D:1      | RelittoDelNilo the Mummy Monk began the quest for the Orb.
     0 | D:1      | Reached XP level 1. HP: 18/18 MP: 1/1
   275 | D:1      | Reached XP level 2. HP: 24/24 MP: 2/2
   534 | D:1      | Reached skill level 4 in Unarmed Combat
  1050 | D:2      | Found a burning altar of Makhleb.
  1059 | D:2      | Reached XP level 3. HP: 12/29 MP: 3/3
  1324 | D:2      | Found a stormy altar of Qazlal.
  1327 | D:2      | Found a radiant altar of Vehumet.
  1330 | D:2      | Found a glowing silver altar of Zin.
  1441 | D:2      | Reached XP level 4. HP: 26/35 MP: 4/4
  1885 | D:3      | Noticed Terence
  1905 | D:3      | Noticed Ijyb
  1924 | D:3      | Killed Ijyb
  2112 | D:3      | Reached skill level 5 in Unarmed Combat
  2405 | D:3      | Noticed Jessica
  2416 | D:3      | Killed Jessica
  2416 | D:3      | Reached XP level 5. HP: 31/42 MP: 5/5
  2518 | D:3      | Reached skill level 4 in Fighting
  3044 | D:4      | Noticed an ogre
  3803 | D:5      | Entered Level 5 of the Dungeon
  3854 | D:5      | Found Ishri's Gadget Emporium.
  3923 | D:5      | Reached skill level 5 in Fighting
  3949 | D:5      | Noticed a sky beast
  3977 | D:5      | Killed a sky beast
  3977 | D:5      | Reached skill level 3 in Dodging
  3977 | D:5      | Reached XP level 6. HP: 51/51 MP: 6/6
  3993 | D:5      | Found a blossoming altar of Fedhas.
  4159 | D:5      | Found a glowing drain.
  4252 | Sewer    | Entered a sewer
  4313 | Sewer    | Noticed Purgy
  4683 | Sewer    | we can dance if we want to
  4683 | Sewer    | we can leave our brains behind
  4911 | Sewer    | Killed Purgy
  4911 | Sewer    | Reached skill level 4 in Dodging
  5324 | D:5      | Reached XP level 7. HP: 56/56 MP: 7/7
  5438 | D:5      | You fall through a shaft for 2 floors!
  5458 | D:7      | Noticed Menkaure
  5477 | D:7      | Noticed Dowan
  5479 | D:7      | Noticed Duvessa
  5705 | D:6      | Found Tetupt's Armour Emporium.
  6180 | D:3      | Killed Terence
  6180 | D:3      | Reached skill level 6 in Unarmed Combat
  6556 | D:4      | Killed an ogre
  6910 | D:6      | Reached skill level 6 in Fighting
  7168 | D:6      | Reached XP level 8. HP: 37/65 MP: 8/8
  7374 | D:6      | Reached skill level 7 in Fighting
  7384 | D:6      | HP: 5/67 [giant frog zombie (4)]
  7386 | D:6      | HP: 2/67 [giant frog zombie (1)]
  8314 | D:6      | Reached skill level 7 in Unarmed Combat
  9270 | D:6      | Reached skill level 5 in Dodging
  9298 | D:6      | Found a sacrificial altar of Ru.
  9753 | D:5      | Reached XP level 9. HP: 65/72 MP: 9/9
  9957 | D:6      | Found a staircase to the Ecumenical Temple.
  9994 | D:6      | Noticed a deep elf fighter
 10110 | D:6      | Reached skill level 8 in Unarmed Combat
 11713 | D:6      | Reached skill level 6 in Dodging
 13385 | D:6      | Killed a deep elf fighter
 13627 | D:6      | Noticed a four-headed hydra
 14033 | D:8      | Reached skill level 9 in Unarmed Combat
 14057 | D:7      | Noticed Pikel
 14117 | D:7      | HP: 5/72 [orc wizard/dagger (4)]
 14119 | D:7      | HP: 1/72 [orc/mace (4)]
 14540 | D:8      | Found a viscous altar of Jiyva.
 14547 | D:8      | Found a sand-covered staircase.
 14556 | Ossuary  | Entered an ossuary
 15480 | D:8      | Reached XP level 10. HP: 73/80 MP: 10/10
 15708 | D:8      | Reached skill level 8 in Fighting
 16243 | D:8      | Found a sparkling altar of Nemelex Xobeh.
 16693 | D:7      | Reached skill level 7 in Dodging
 17005 | D:7      | Killed Pikel
 17322 | D:7      | Found a shadowy altar of Dithmenos.
 17427 | D:7      | Killed Dowan
 17512 | D:7      | Killed Menkaure
 17619 | D:8      | Reached skill level 8 in Dodging
 17878 | D:7      | Killed Duvessa
 18516 | Temple   | Entered the Ecumenical Temple
 18852 | D:9      | Found Vaoplywk's Magic Scroll Shop.
 18857 | D:9      | Bought a scroll of teleportation for 39 gold pieces
 18857 | D:9      | Bought 2 scrolls of fear for 91 gold pieces
 19403 | D:9      | Reached skill level 9 in Fighting
 19613 | D:9      | Found a bloodstained altar of Trog.
 19642 | D:9      | Noticed Psyche
 19655 | D:9      | Killed Psyche
 19655 | D:9      | Reached skill level 10 in Unarmed Combat
 20085 | D:10     | Entered Level 10 of the Dungeon
 20157 | D:10     | Reached skill level 1 in Shields
 20343 | D:10     | Reached XP level 11. HP: 51/89 MP: 11/11
 20535 | D:10     | Reached skill level 2 in Shields
 20552 | D:10     | Found a staircase to the Lair.
 20708 | D:9      | Found a glowing golden altar of the Shining One.
 20961 | D:10     | Reached skill level 3 in Shields
 21278 | D:10     | Found a staircase to the Orcish Mines.
 21751 | Orc:1    | Entered Level 1 of the Orcish Mines
 21919 | D:10     | Reached skill level 4 in Shields
 22038 | Orc:1    | Found Duthu's Book Shop.
 22121 | Orc:1    | HP: 3/89 [orc warrior/hand axe of electrocution (20)]
 23087 | Orc:1    | Noticed a hill giant
 23499 | D:10     | Reached skill level 5 in Shields
 24082 | Lair:1   | Entered Level 1 of the Lair of Beasts
 24683 | Lair:1   | Reached skill level 6 in Shields
 25522 | Lair:1   | Reached skill level 7 in Shields
 25912 | Lair:1   | Noticed a seven-headed hydra
 26936 | Lair:2   | Reached skill level 10 in Fighting
 27591 | Lair:3   | Identified 2 scrolls of acquirement
 27605 | Lair:3   | neat
 27616 | Lair:3   | Noticed Goblin1989's ghost (journeyman DrFi)
 27729 | Lair:3   | Noticed a death yak
 28184 | Lair:3   | Noticed a death yak
 28551 | Lair:2   | Reached XP level 12. HP: 81/97 MP: 12/12
 29375 | Lair:2   | Reached skill level 8 in Shields
 29601 | Lair:3   | Found a staircase to the Snake Pit.
 31526 | D:8      | Reached skill level 9 in Shields
 31868 | D:10     | Found a shimmering altar of Xom.
 31869 | D:10     | Found a shimmering altar of Xom.
 31869 | D:10     | Found a shimmering altar of Xom.
 31871 | D:10     | Found a shimmering altar of Xom.
 32036 | D:11     | Found a shimmering altar of Xom.
 33496 | D:12     | Reached skill level 10 in Shields
 34965 | Lair:1   | Killed an unseen horror
 35562 | Lair:3   | Reached skill level 2 in Stealth
 35838 | Lair:3   | Reached skill level 3 in Stealth
 36371 | Lair:3   | Noticed a death yak
 36371 | Lair:3   | Noticed a death yak
 36376 | Lair:3   | Noticed a death yak
 36398 | Lair:3   | Noticed a death yak
 36924 | Lair:2   | Reached skill level 4 in Stealth
 37864 | Lair:3   | Noticed a seven-headed hydra
 38201 | Lair:3   | Gained mutation: You are in touch with the powers of death. [Mummy growth]
 38201 | Lair:3   | Gained mutation: You can restore your body by infusing magical energy. [Mummy growth]
 38201 | Lair:3   | Reached XP level 13. HP: 101/103 MP: 13/13
 38864 | Lair:4   | Reached skill level 11 in Unarmed Combat
 40499 | Lair:4   | Reached skill level 11 in Fighting
 41121 | Lair:5   | Reached skill level 9 in Dodging
 42182 | Lair:6   | Found a staircase to the Slime Pits.
 43139 | Snake:1  | Entered Level 1 of the Snake Pit
 43333 | Orc:1    | Killed a hill giant
 43828 | D:9      | Bought a scroll of acquirement for 676 gold pieces
 44046 | D:5      | Found a blossoming altar of Fedhas.
 44302 | D:5      | Killed a four-headed hydra
 44303 | D:5      | ADDERSLAYER
 45449 | D:12     | Noticed a five-headed hydra
 47625 | D:13     | Reached skill level 12 in Unarmed Combat
 48235 | D:13     | Found Ohuariq's Gadget Boutique.
 48236 | D:13     | You fall through a shaft!
 48425 | D:14     | Reached XP level 14. HP: 113/113 MP: 14/14
 48433 | D:14     | Found Astrap's Weapon Emporium.
 48645 | D:14     | Found Yvomuuxe's Magic Scroll Boutique.
 48648 | D:14     | Bought a scroll of identify for 34 gold pieces
 48648 | D:14     | Bought a scroll of identify for 34 gold pieces
 48651 | D:14     | Bought a scroll of identify for 34 gold pieces
 48651 | D:14     | Bought a scroll of fear for 59 gold pieces
 48651 | D:14     | Bought a scroll of remove curse for 51 gold pieces
 48651 | D:14     | Bought a scroll of fog for 34 gold pieces
 49139 | Lair:3   | Killed Goblin1989's ghost
 49398 | Lair:4   | Killed a death yak
 49398 | Lair:4   | Reached skill level 12 in Fighting
 50003 | Lair:6   | Found a runed door.
 50147 | Lair:6   | Found a staircase to the Swamp.
 52371 | Lair:7   | Drakie!
 52976 | Lair:8   | Entered Level 8 of the Lair of Beasts
 53682 | Lair:8   | Reached skill level 13 in Unarmed Combat
 54616 | Lair:6   | Reached skill level 11 in Shields
 54798 | Slime:1  | Entered Level 1 of the Pits of Slime
 54798 | Slime:1  | Noticed an acid blob
 57132 | Lair:8   | Got a transparent shield
 57143 | Lair:8   | Identified the +1 shield "Onais Keoff" {Regen+} (You found it on level 8 of the Lair of Beasts)
 57143 | Lair:8   | dangit
 57149 | Lair:8   | bad shield
 57149 | Lair:8   | bad
 58024 | Lair:2   | Killed a death yak
 58507 | Lair:2   | Killed a death yak
 58507 | Lair:2   | Reached skill level 13 in Fighting
 58632 | Lair:2   | Reached XP level 15. HP: 92/123 MP: 15/15
 58956 | Lair:4   | Killed a death yak
 59564 | Lair:5   | Killed a death yak
 59836 | Lair:4   | Killed a death yak
 60706 | Orc:1    | Reached skill level 12 in Shields
 61337 | Orc:2    | Found Vemas's Gadget Shoppe.
 61656 | Orc:2    | Reached skill level 10 in Dodging
 62739 | Orc:3    | Found Raahoor's Assorted Antiques.
 62746 | Orc:3    | Noticed Maud
 63463 | Orc:3    | Bought a ring of dexterity for 72 gold pieces
 63477 | Orc:3    | Found a roughly hewn altar of Beogh.
 63699 | Orc:4    | Entered Level 4 of the Orcish Mines
 64127 | Orc:3    | Killed Maud
 66783 | Orc:4    | Found a staircase to the Elven Halls.
 67056 | Orc:4    | Found Fiwigekh's Antique Weapon Boutique.
 67099 | Orc:4    | Found Elufriri's Assorted Antiques.
 67190 | Orc:3    | Reached skill level 14 in Unarmed Combat
 67378 | Orc:3    | ok maybe don't try to kill the ettin
 69118 | D:14     | You fall through a shaft!
 69118 | D:15     | Entered Level 15 of the Dungeon
 69120 | D:15     | Noticed Nessos
 69129 | D:15     | bad shaft
 69129 | D:15     | bad
 69195 | D:15     | Found an iron altar of Okawaru.
 69214 | D:15     | Noticed Urug
 69465 | D:14     | Found a gate to the Vaults.
 70483 | Elf:1    | Entered Level 1 of the Elven Halls
 70723 | Orc:4    | neato
 70856 | Orc:4    | Found a roughly hewn altar of Beogh.
 71444 | Orc:4    | Bought a scroll of teleportation for 84 gold pieces
 71444 | Orc:4    | Bought a scroll of teleportation for 84 gold pieces
 72985 | Orc:3    | Reached skill level 14 in Fighting
 74554 | Orc:3    | dumbass
 74775 | Orc:4    | Found a roughly hewn altar of Beogh.
 74885 | Orc:4    | Found Noazommo's General Store.
 75152 | Orc:4    | Bought a scroll of blinking for 90 gold pieces
 75266 | Orc:3    | Reached skill level 13 in Shields
 75266 | Orc:3    | Reached XP level 16. HP: 114/133 MP: 16/16
 75466 | Orc:4    | Found Luzxaor's Distillery.
 76561 | Lair:1   | Killed a seven-headed hydra
 76562 | Lair:1   | Officially big enough for adders
 76651 | Lair:3   | Killed a seven-headed hydra
 79693 | Swamp:1  | Entered Level 1 of the Swamp
 81160 | Lair:6   | Reached skill level 15 in Unarmed Combat
 83291 | Swamp:2  | Noticed Donald
 83292 | Swamp:2  | ooooh
 84121 | Lair:7   | Killed Donald
 84123 | Lair:7   | Got a crude shield {Donald}
 84149 | Lair:6   | Identified the +1 shield of Sidas {rElec} (You took it off Donald on level 7 of the Lair of Beasts)
 84438 | Swamp:2  | Noticed Jorgrun
 84829 | Swamp:1  | HP: 9/133 [eight-headed hydra (15)]
 85285 | Swamp:1  | Reached skill level 14 in Shields
 88076 | Swamp:4  | Entered Level 4 of the Swamp
 88817 | Swamp:3  | Reached XP level 17. HP: 79/139 MP: 17/17
 89444 | Swamp:3  | Reached skill level 15 in Shields
 91014 | D:15     | Found a staircase to the Depths.
 91283 | D:14     | big guy
 91623 | D:15     | Reached skill level 5 in Stealth
 92010 | D:15     | Killed Urug
 92286 | D:15     | Killed Nessos
 93813 | D:15     | Reached skill level 15 in Fighting
 94143 | Snake:1  | Noticed Agnes
 98795 | Snake:1  | Reached skill level 16 in Unarmed Combat
 98887 | Snake:1  | Killed Agnes
 99160 | Snake:2  | Noticed Aizul
101154 | Snake:2  | Reached XP level 18. HP: 151/151 MP: 18/18
101234 | Snake:1  | Killed Aizul
101335 | Snake:1  | Reached skill level 16 in Fighting
101735 | Snake:2  | Noticed Louise
104166 | Snake:3  | Found Yrphaiqo's Magic Scroll Shoppe.
104172 | Snake:3  | Bought a scroll of fog for 22 gold pieces
104172 | Snake:3  | Bought a scroll of acquirement for 572 gold pieces
104501 | Snake:4  | Entered Level 4 of the Snake Pit
105256 | Snake:4  | Noticed Alipheese's ghost (adept NaWn)
105974 | Snake:3  | Reached skill level 17 in Unarmed Combat
108608 | Snake:3  | Reached skill level 17 in Fighting
110803 | Snake:3  | Reached XP level 19. HP: 102/161 MP: 19/19
111657 | Snake:4  | I JUST SAID
112721 | Snake:4  | Got a serpentine rune of Zot
112749 | Snake:4  | Reached skill level 18 in Unarmed Combat
115360 | Swamp:4  | Got a decaying rune of Zot
116334 | Lair:6   | Reached skill level 18 in Fighting
116919 | Orc:4    | Bought a scroll of summoning for 114 gold pieces
117088 | Depths:1 | Entered Level 1 of the Depths
117251 | Vaults:1 | Entered Level 1 of the Vaults
118073 | Depths:1 | Found a gateway to Hell.
118076 | Depths:1 | Found a corrupted altar of Lugonu.
118076 | Depths:1 | Found a one-way gate to the infinite horrors of the Abyss.
120890 | Depths:1 | Found Ibautous's Magic Scroll Boutique.
121129 | Depths:1 | Bought a scroll of blinking for 90 gold pieces
121129 | Depths:1 | Bought a scroll of teleportation for 36 gold pieces
121129 | Depths:1 | Bought a scroll of magic mapping for 42 gold pieces
121129 | Depths:1 | Bought a scroll of fear for 42 gold pieces
121129 | Depths:1 | Bought a scroll of fear for 42 gold pieces
121129 | Depths:1 | Bought a scroll of acquirement for 624 gold pieces
121130 | Depths:1 | Got a pair of dazzling gloves
121141 | Depths:1 | Identified the +1 pair of gloves "Cepulyam" {rPois Stlth+} (You acquired it on level 1 of the Depths)
121141 | Depths:1 | Bought a scroll of acquirement for 624 gold pieces
121152 | Depths:1 | Got a shimmering large shield
121163 | Depths:1 | Identified the +0 large shield of Gallantry {rElec rPois rN+++ Str-3} (You acquired it on level 1 of the Depths)
121163 | Depths:1 | Shitty fucking acquirements all around!
121611 | Depths:2 | Noticed Norris
121649 | Depths:1 | Found Goebo's Distillery.
123063 | Depths:1 | Reached XP level 20. HP: 162/170 MP: 20/20
124770 | D:15     | Reached skill level 19 in Unarmed Combat
125988 | Depths:2 | Found a runed door.
129802 | Depths:1 | Reached skill level 19 in Fighting
131875 | Elf:1    | Noticed Kirke
131884 | Elf:1    | Killed Kirke
133185 | Elf:2    | Found Mewnom's Weapon Boutique.
133791 | Elf:2    | Found a runed gate.
133816 | Elf:2    | Found a runed gate.
133818 | Elf:2    | Found a runed gate.
134135 | Elf:3    | Entered Level 3 of the Elven Halls
136882 | Elf:3    | Reached skill level 20 in Unarmed Combat
137757 | Elf:3    | Reached XP level 21. HP: 180/180 MP: 21/21
138419 | Elf:3    | HP: 6/180 [deep elf master archer/arrow (35)]
139532 | Elf:3    | Got a scorched broad axe {flame}
140589 | Elf:2    | HP: 16/181 [deep elf blademaster/short sword (13)]
141470 | Elf:3    | Got a sheer robe
141471 | Elf:3    | Identified the cursed -5 robe of Misfortune {-Cast *Contam *Tele EV-4 Str-2 Int-2 Dex-2 Stlth-- *Curse} (You found it on level 3 of the Elven Halls)
142786 | D:14     | Reached skill level 20 in Fighting
143881 | Vaults:1 | Found Tiocor's Jewellery Boutique.
145451 | Vaults:2 | Found a portal to a secret trove of treasure.
145550 | Vaults:2 | Reached skill level 11 in Dodging
148012 | Vaults:3 | Reached skill level 12 in Dodging
148201 | Vaults:3 | Reached skill level 1 in Armour
148496 | Vaults:3 | Reached skill level 2 in Armour
148772 | Vaults:2 | Reached skill level 3 in Armour
149209 | Vaults:2 | Reached skill level 4 in Armour
149768 | Vaults:3 | Reached skill level 5 in Armour
150308 | Vaults:3 | Reached XP level 22. HP: 178/190 MP: 22/22
150886 | Vaults:3 | Found a staircase to the Crypt.
154826 | Vaults:4 | Reached skill level 21 in Unarmed Combat
155381 | Vaults:4 | Noticed an ancient lich
157247 | Crypt:1  | Entered Level 1 of the Crypt
157254 | Crypt:1  | Honey I'm home
157985 | Crypt:1  | Reached skill level 21 in Fighting
158623 | Crypt:1  | Reached XP level 23. HP: 200/200 MP: 23/23
159701 | Crypt:1  | Identified Kanuuxef's Papyrus of Darkness (You found it on level 1 of the Crypt)
160940 | Crypt:2  | Reached skill level 22 in Unarmed Combat
161420 | Crypt:3  | Entered Level 3 of the Crypt
162745 | Crypt:3  | Found an ancient bone altar of Kikubaaqudgha.
163861 | Crypt:3  | Reached skill level 22 in Fighting
166208 | Crypt:3  | Noticed an ancient lich
166310 | Crypt:3  | Found a staircase to the Tomb.
166396 | Crypt:3  | Killed an ancient lich
166396 | Crypt:3  | Reached XP level 24. HP: 161/210 MP: 23/23
166651 | Tomb:1   | Entered Level 1 of the Tomb of the Ancients
167500 | Tomb:1   | Reached skill level 23 in Unarmed Combat
167566 | Tomb:1   | Noticed a greater mummy
167799 | Tomb:1   | Killed a greater mummy
168447 | Tomb:1   | Noticed a greater mummy
169576 | Vaults:4 | Killed an ancient lich
170729 | Vaults:4 | Got a faintly glowing helmet
170763 | Vaults:4 | Identified the +0 helmet of Rivilis {Dex-3 Slay+3 SInv Stlth+} (You found it on level 4 of the Vaults)
170763 | Vaults:4 | ew ew ew ew
171876 | Depths:2 | Killed Norris
171947 | Depths:2 | Got a heavily runed ivory ring
171957 | Depths:2 | Identified the ring of the Peculiar Hells {*Corrode +Blink rC+ AC+2} (You took it off Norris on level 2 of the Depths)
171958 | Depths:2 | eh
172017 | Depths:2 | Noticed a juggernaut
172017 | Depths:2 | uh-oh
172017 | Depths:2 | juggalo
172031 | Depths:2 | Reached skill level 24 in Unarmed Combat
172565 | Depths:1 | Found Ibautous's Magic Scroll Boutique.
172653 | Depths:1 | Found a corrupted altar of Lugonu.
172654 | Depths:1 | Found a one-way gate to the infinite horrors of the Abyss.
172724 | Depths:2 | Cast into the Abyss (spriggan defender)
172785 | Depths:2 | Escaped the Abyss
174805 | Depths:4 | Noticed Sojobo
174806 | Depths:4 | aaaa
174834 | Depths:4 | Killed Sojobo
175104 | Depths:4 | Noticed Mennas
175106 | Depths:4 | nope
175267 | Depths:4 | Reached XP level 25. HP: 140/219 MP: 23/23
176297 | Depths:4 | Reached skill level 23 in Fighting
176717 | Depths:3 | Noticed a lich
176729 | Depths:4 | Killed a lich
177965 | Depths:4 | Noticed Mara
179246 | Depths:3 | HP: 4/223 [large abomination[a lich] (32)]
179246 | Depths:3 | Slain by a hell beast

Vanquished Creatures
  2 ancient liches
  Sojobo (Depths:4)
  A greater mummy (Tomb:1)
  Norris (Depths:2)
  2 golden dragons
  A bone dragon (Crypt:3)
  A profane servitor (Crypt:3)
  3 liches
  A tentacled monstrosity (Vaults:4)
  2 deep elf blademasters
  2 deep elf master archers (Elf:3)
  9 sphinxes
  Agnes (Snake:1)
  5 ancient champions
  Kirke (Elf:1)
  5 revenants
  2 storm dragons
  11 greater nagas
  5 tengu reavers
  6 fire giants
  3 frost giants
  Donald (Lair:7)
  Maud (Orc:3)
  3 orc warlords (Orc:3)
  Aizul (Snake:1)
  12 vault wardens
  6 deep elf sorcerers
  2 curse skulls (Crypt:3)
  9 ghouls
  10 very ugly things
  8 ironheart preservers
  2 spriggan defenders (Depths:1)
  A war gargoyle (Vaults:3)
  A caustic shrike skeleton (Crypt:1)
  15 stone giants
  Nessos (D:15)
  10 deep elf annihilators
  7 deep elf demonologists
  A salamander stormcaller (Vaults:4)
  9 vampire knights
  4 eidola (Crypt:1)
  A spectral titan (Crypt:3)
  4 small abominations
  7 ettins
  12 deep elf death magi
  17 jiangshi
  10 fire dragons
  7 great orbs of eyes
  15 vault guards
  13 yaktaur captains
  A mummy priest (Tomb:1)
  The ghost of Goblin1989 the Basher, a journeyman DrFi of Gozag (Lair:3)
  A deep elf high priest (Elf:1)
  4 death knights (Crypt:3)
  2 ghost crabs
  22 hydras
  5 entropy weavers
  4 spriggan air magi
  A quicksilver dragon skeleton (Crypt:1)
  3 rakshasas
  9 ice dragons
  23 naga warriors
  A hell beast (Depths:2)
  9 deep troll shamans
  11 alligators
  19 ogre magi
  A catoblepas (Vaults:4)
  13 anacondas
  2 dancing weapons (Elf:2)
  10 centaur warriors
  9 tengu warriors
  3 deep troll earth magi
  2 titan zombies
  2 spriggan berserkers (Depths:2)
  11 vampire magi
  5 orc high priests
  Urug (D:15)
  3 soul eaters
  A storm dragon zombie (Crypt:3)
  6 death yaks
  13 shock serpents
  A titan skeleton (Tomb:1)
  10 naga sharpshooters
  18 deep elf knights
  15 hell knights
  6 wizards
  6 spriggans
  2 large abominations
  2 salamander mystics
  9 iron trolls
  2 ice devils
  10 flayed ghosts
  9 shadow wraiths
  4 fire crabs
  A storm dragon skeleton (Crypt:1)
  52 skeletal warriors
  2 unseen horrors
  27 deep trolls
  An anaconda zombie (Crypt:1)
  4 shambling mangroves
  A giant orange brain (Vaults:3)
  18 naga ritualists
  5 phantasmal warriors
  14 swamp dragons
  A wolf spider zombie (Crypt:1)
  Pikel (D:7)
  An anaconda skeleton (Tomb:1)
  8 deep elf summoners
  A golden dragon skeleton (Tomb:1)
  9 orc sorcerers
  12 harpies
  8 necromancers
  A spectral wolf spider (Crypt:1)
  10 hill giants
  30 orc knights
  4 wolf spiders
  16 ironbrand convokers
  3 anubis guards (Tomb:1)
  14 deep elf conjurers
  3 oklob plants
  2 hornets
  A fire giant zombie (Tomb:1)
  A salamander (shapeshifter) (Depths:1)
  A shadow dragon skeleton (Crypt:1)
  3 manticores
  23 mana vipers
  3 frost giant zombies (Crypt:1)
  9 griffons
  A cyclops (D:12)
  22 elephants
  49 black mambas
  69 ugly things
  An octopode (shapeshifter) (D:14)
  15 salamanders
  24 spiny frogs
  34 naga magi
  3 fire giant skeletons
  2 rust devils
  Psyche (D:9)
  3 gargoyles
  A torpor snail (Lair:6)
  35 yaktaurs
  A pale draconian zombie (Crypt:2)
  5 guardian serpents
  A shock serpent skeleton (Crypt:1)
  11 vault sentinels
  A kobold demonologist (Vaults:3)
  9 komodo dragons
  2 komodo dragons (shapeshifter)
  6 freezing wraiths
  8 guardian mummies
  6 tengu conjurers
  6 fire drakes
  A hydra zombie (Crypt:1)
  A jumping spider (Depths:3)
  10 deep elf priests
  10 polar bears
  2 wind drakes (shapeshifter)
  10 trolls
  A jumping spider (shapeshifter) (Vaults:1)
  44 slime creatures
  A shadow dragon simulacrum (Crypt:1)
  A moth of wrath zombie (Crypt:1)
  A raiju (shapeshifter) (Depths:1)
  10 bog bodies
  8 giant leeches
  A stone giant simulacrum (Vaults:1)
  A hydra skeleton (Crypt:2)
  3 raiju
  36 two-headed ogres
  A wolf spider simulacrum (Crypt:2)
  A hornet zombie (D:14)
  A spectral manticore (Crypt:3)
  12 boulder beetles
  2 harpy skeletons
  4 ushabtiu (Tomb:1)
  34 blink frogs
  A fire dragon zombie (Crypt:1)
  61 flying skulls
  2 ice dragon zombies
  A snapping turtle (shapeshifter) (Elf:2)
  9 redbacks
  10 wraiths
  74 yaks
  2 air elementals (Depths:2)
  33 deep elf magi
  A yak (shapeshifter) (Depths:1)
  A trapdoor spider (shapeshifter) (Vaults:2)
  8 basilisks
  A golden eye (shapeshifter) (Depths:4)
  4 hungry ghosts
  3 water elementals
  8 shadows
  2 black mamba zombies
  28 deep elf fighters
  4 wyverns
  10 hippogriffs
  3 humans (Elf:1)
  A tarantella (Depths:4)
  A steam dragon (Lair:7)
  4 vampires
  23 wolves
  Menkaure (D:7)
  A catoblepas simulacrum (Crypt:3)
  3 mottled dragons
  59 vampire mosquitoes
  23 water moccasins
  22 wargs
  17 insubstantial wisps
  A porcupine (shapeshifter) (Vaults:3)
  5 hell hounds
  A merfolk zombie (Crypt:1)
  A soldier ant (D:14)
  22 swamp worms
  66 nagas
  Duvessa (D:7)
  16 porcupines
  A spiny frog skeleton (Crypt:1)
  Purgy (Sewer)
  15 black bears
  A sky beast (shapeshifter) (Orc:4)
  3 slaves (D:8)
  A swamp dragon zombie (Crypt:2)
  An infernal demonspawn skeleton (Crypt:1)
  A snapping turtle zombie (Crypt:1)
  A blink frog zombie (Crypt:2)
  A wasp (shapeshifter) (Elf:3)
  5 necrophages
  3 phantoms
  9 swamp drakes
  A deep troll skeleton (Crypt:2)
  86 orc warriors
  8 sky beasts
  2 eyes of draining (shapeshifter)
  3 eyes of draining
  10 ice beasts
  10 boggarts
  34 crocodiles
  71 ogres
  22 centaurs
  16 wasps
  An ice dragon simulacrum (Crypt:2)
  An ogre (shapeshifter) (Depths:1)
  A hog zombie (Crypt:1)
  5 big kobolds
  32 giant frogs
  2 gnoll sergeants (D:6)
  A vine stalker skeleton (Crypt:1)
  A water moccasin skeleton (D:10)
  19 killer bees
  Dowan (D:7)
  A wyvern skeleton (D:11)
  11 scorpions
  9 electric eels
  A polar bear skeleton (Crypt:2)
  A spectral tengu (Crypt:1)
  12 wights
  8 crimson imps
  2 quasits
  6 centaur zombies
  11 iguanas
  8 jellies
  5 giant frog skeletons
  5 giant frog zombies
  8 centaur skeletons
  3 human zombies (Crypt:1)
  66 orc priests
  Ijyb (D:3)
  49 orc wizards
  12 worker ants
  A hound (shapeshifter) (Vaults:3)
  Jessica (D:3)
  24 hounds
  Terence (D:3)
  2 human skeletons (Crypt:1)
  13 hell rats (Lair:3)
  15 sheep (Lair:8)
  2 big kobold zombies (Ossuary)
  A mottled dragon skeleton (Crypt:1)
  3 hound skeletons
  3 hound zombies
  19 mummies
  A worker ant zombie (D:9)
  102 river rats
  An adder (shapeshifter) (Depths:1)
  18 adders
  4 gnolls
  2 scorpion zombies (Ossuary)
  11 shadow imps
  3 white imps (D:14)
  A giant eyeball (Vaults:4)
  4 oozes
  3 adder skeletons
  4 adder zombies
  A sheep skeleton (Crypt:2)
  15 worms
  8 giant geckos
  368 orcs
  A ball python (D:3)
  15 bats
  9 giant cockroaches
  7 goblins
  9 hobgoblins
  16 jackals
  3 quokkas
  A giant gecko skeleton (D:4)
  2 giant gecko zombies
  9 giant newts
  3 gnoll zombies (Ossuary)
  2 goblin zombies (Ossuary)
  2 hobgoblin zombies (Ossuary)
  26 kobolds
  A kobold zombie (Ossuary)
  An orc skeleton (Tomb:1)
  A quokka skeleton (D:5)
  A quokka zombie (D:7)
  14 rats
  A rat skeleton (Crypt:2)
  A crawling corpse (Elf:1)
  2 fungi
  2 plants
3232 creatures vanquished.

Vanquished Creatures (others)
  A sphinx (Tomb:1)
  A ghost crab (Swamp:4)
  A wizard (Vaults:1)
  5 death scarabs (Tomb:1)
  2 hornets (Swamp:1)
  A two-headed ogre (D:14)
  A spriggan (Swamp:1)
  A yak (Lair:7)
  2 humans (Elf:1)
  A slave (D:7)
  A naga (Snake:4)
  A water moccasin (Lair:8)
  A swamp drake (Lair:6)
  An orc warrior (D:15)
  A centaur (D:7)
  A boggart (Vaults:2)
  A wasp (Swamp:1)
  A giant frog (D:7)
  A wight (D:6)
  A sheep (Lair:8)
  A mummy (Tomb:1)
  5 river rats
  5 orcs
  10 bushes
  A crawling corpse (Elf:1)
  2 fire vortices (Vaults:4)
  96 fungi
  A lost soul (Crypt:2)
  53 plants
200 creatures vanquished.

Grand Total: 3432 creatures vanquished
